 Dungeon Crawl Stone Soup version 0.30.1 (webtiles) character file.

Game seed: 9890282391807763542

51807 AgateBread the Protected (level 14, -6/129 HPs)
             Began as a Minotaur Hunter on July 3, 2023.
             Was a High Priest of Okawaru.
             Killed from afar by a swamp worm (16 damage)
             ... with a harpoon shot
             ... on level 1 of the Swamp.
             The game lasted 02:03:12 (28150 turns).

AgateBread the Protected (Minotaur Hunter)         Turns: 28150, Time: 02:03:12

Health: -6/129     AC: 17    Str: 21    XL:     14   Next: 24%
Magic:  18/19      EV: 15    Int:  6    God:    Okawaru [*****.]
Gold:   825        SH:  0    Dex: 17    Spells: 13/13 levels left

rFire   + + .        k - +0 demon whip (venom)
rCold   . . .        (no shield)
rNeg    . . .        U - +3 scale mail {rF+}
rPois   +            (helmet restricted)
rElec   .            q - +0 cloak
rCorr   +            r - +0 pair of gloves {Str+3}
SInv    .            d - +0 pair of boots
Will    +....        n - amulet of the acrobat
Stlth   +            C - ring of protection from fire
HPRegen 0.41/turn    D - ring "Xasu" {Drain +Blink rPois rCorr Stlth+}
MPRegen 0.16/turn

%: acrobat
@: finesse-ful, hasted (expiring), invisible, very quick
A: horns 2, retaliatory headbutt
a: Renounce Religion, Evoke Blink, Heroism, Finesse, Duel


You were on level 1 of the Swamp.
You worshipped Okawaru.
Okawaru was extremely pleased with you.
You visited 5 branches of the dungeon, and saw 20 of its levels.
You also visited: Sewer.

You collected 1232 gold pieces.
You spent 407 gold pieces at shops.

Inventory:

Hand Weapons
 k - a +0 demon whip of venom (weapon)
 y - a +1 shortbow of freezing
 A - a +2 heavy great mace
 Q - a +5 battleaxe of venom
Missiles
 c - a throwing net
 e - 4 curare-tipped darts
 j - 3 atropa-tipped darts
 x - 59 poisoned darts
Armour
 d - a +0 pair of boots (worn)
 o - an orb of light
 q - a +0 cloak (worn)
 r - a +0 pair of gloves of strength (worn)
 S - a +0 leather armour of willpower
 U - a +3 scale mail of fire resistance (worn)
Magical Staves
 O - a staff of fire
Jewellery
 i - an amulet of guardian spirit
 n - an amulet of the acrobat (around neck)
 B - a +6 ring of intelligence
 C - a ring of protection from fire (left hand)
 D - the ring "Xasu" (right hand) {Drain +Blink rPois rCorr Stlth+}
   (You acquired it on level 2 of the Lair of Beasts)

   [ring of poison resistance]

   rPois:     It protects you from poison.
   +Blink:    It lets you blink.
   rCorr:     It protects you from acid and corrosion.
   Drain:     It drains your maximum health when unequipped.
   Stlth:     It makes you more stealthy.
 E - a ring of resist corrosion
 P - a +4 ring of protection
 X - a ring of willpower
 Z - an amulet of faith
Wands
 h - a wand of digging (10)
 s - a wand of polymorph (5)
 w - a wand of paralysis (4)
 N - a wand of mindburst (3)
 W - a wand of flame (19)
Scrolls
 b - 2 scrolls of immolation
 f - 4 scrolls of enchant weapon
 g - 5 scrolls of poison
 t - 6 scrolls of vulnerability
 z - a scroll of fog
 I - a scroll of teleportation
 M - 2 scrolls of enchant armour
 Y - a scroll of magic mapping
Potions
 a - 2 potions of flight {unknown}
 l - 9 potions of curing
 m - a potion of haste
 u - a potion of invisibility
 v - 2 potions of might
 F - 3 potions of berserk rage
 G - a potion of mutation {unknown}
 H - a potion of resistance {unknown}
 J - 4 potions of cancellation
 K - 4 potions of lignification
 L - a potion of magic {unknown}
 R - 2 potions of attraction
 V - 3 potions of ambrosia


   Skills:
 + Level 13.5 Fighting
 - Level 12.0 Maces & Flails
 - Level 14.0 Ranged Weapons
 + Level 14.4 Armour
 - Level 8.5 Dodging
 - Level 0.7 Stealth
 - Level 8.3 Invocations


You had 13 spell levels left.
You didn't know any spells.
Your spell library contained the following spells:

 Spells                   Type           Power      Damage    Failure   Level
 Freeze                   Ice            0%         1d3       71%         1
 Magic Dart               Conj           0%         1d3       71%         1
 Shock                    Conj/Air       0%         1d3       71%         1
 Slow                     Hex            0%         N/A       71%         1
 Sting                    Tmut/Pois      0%         1d3       71%         1
 Blink                    Tloc           0%         N/A       83%         2
 Lesser Beckoning         Tloc           0%         N/A       83%         2
 Momentum Strike          Conj/Tloc      0%         3d8       83%         2
 Poisonous Vapours        Pois/Air       0%         N/A       83%         2
 Searing Ray              Conj           0%         2d4       83%         2
 Sublimation of Blood     Necr           0%         N/A       83%         2
 Wereblood                Tmut           0%         N/A       83%         2
 Confusing Touch          Hex            0%         N/A       97%         3
 Frozen Ramparts          Ice            0%         1d1       97%         3
 Gell's Gravitas          Tloc           0%         N/A       97%         3
 Hailstorm                Conj/Ice       0%         3d3       97%         3
 Inner Flame              Hex/Fire       0%         N/A       97%         3
 Portal Projectile        Hex/Tloc       0%         N/A       97%         3
 Swiftness                Air            0%         N/A       97%         3
 Teleport Other           Tloc           0%         N/A       97%         3
 Vampiric Draining        Necr           0%         2d6       97%         3
 Airstrike                Air            0%         2d(0-16)  100%        4
 Fulminant Prism          Conj/Hex       0%         3d5       100%        4
 Leda's Liquefaction      Hex/Erth       0%         N/A       100%        4
 Olgreb's Toxic Radiance  Pois           0%         N/A       100%        4
 Passage of Golubria      Tloc           0%         N/A       100%        4
 Lee's Rapid Deconstruct  Erth           0%         3d4*      100%        5
 Yara's Violent Unravell  Hex/Tmut       0%         3d3       100%        5
 Statue Form              Tmut/Erth      0%         N/A       100%        6
 Enfeeble                 Hex            0%         N/A       100%        7
 Discord                  Hex            0%         N/A       100%        8
 Ignition                 Fire           0%         3d3       100%        8
 Call Canine Familiar     Summ           Unusable   N/A       N/A         3
 Tukima's Dance           Hex            Unusable   N/A       N/A         3
 Summon Hydra             Summ           Unusable   N/A       N/A         7

Dungeon Overview and Level Annotations

Branches:
Dungeon (12/15)            Temple (1/1) D:5            Lair (5/5) D:9
  Swamp (1/4) Lair:3        Snake (0/4) Lair:2        Slime (0/5) Lair:5
    Orc (1/2) D:11          Sewer (visited)

Altars:
Ashenzari
Cheibriados
Dithmenos
Fedhas
Gozag
Hepliaklqana
Kikubaaqudgha
Makhleb
Nemelex Xobeh
Okawaru
Qazlal
Ru
Sif Muna
Trog
Uskayaw
Vehumet
Wu Jian
Xom
Yredelemnul
Zin
The Shining One
Jiyva

Shops:
D:1 (   D:3 :   D:5 [   D:11 *

Annotations:
D:6 3 runed translucent doors, ZoeForever1's ghost, novice DrTm
Lair:4 2 transporters, Ruwaz's ghost, journeyman SpRe
Orc:1 Urug


Innate Abilities, Weirdness & Mutations

You have a pair of horns on your head.
You reflexively headbutt those who attack you in melee.


Message History

A shambling mangrove comes into view.
A vampire mosquito comes into view.
The spriggan rider shouts!
A vampire mosquito comes into view.
A spriggan rider comes into view.
It is wielding a +0 spear and quivering curare-tipped darts.
The spriggan rider moves out of view.
An alligator comes into view.
As you read the scroll of magic mapping, it crumbles to dust.
You feel aware of your surroundings.
Unknown command.
Found 12 gold pieces.
An alligator comes into view.
You flicker for a moment.
Found 2 stones.
The spriggan rider completely misses you.
You see here a scroll of brand weapon.
Found a falchion.
You barely miss the tyrant leech.
The tyrant leech is heavily wounded.
You strike the helpless tyrant leech from behind!
You hit the tyrant leech. Your headbutt misses the tyrant leech.
The tyrant leech is heavily wounded.
The tyrant leech misses you.
You strike the helpless tyrant leech from behind!
You whack the tyrant leech! You headbutt the tyrant leech!
You kill the tyrant leech!
Okawaru accepts your kill.
Your extra speed is starting to run out.
You flicker back into view.
You see here a tyrant leech corpse.
A swamp worm comes into view.
Okay, then.
Okay, then.
The spriggan rider throws a curare-tipped dart.
The curare-tipped dart closely misses you.
You fade into invisibility!
The spriggan rider hits you from afar with a +1 heavy spear!
* * * LOW HITPOINT WARNING * * *
The swamp worm fires a harpoon shot at you.
The harpoon shot hits you!
You die...

..$.###.....#..~~†.~.~...~.~~..~.
~..............~.†~~≈~≈~.........
~~y.?...k......♣..~≈≈≈≈≈≈.....~..
~~~.~~.D..i###.♣~~≈≈≈≈≈≈≈~.~.~.~~
~~~.~.w.~..#...♣~≈≈≈~.~≈≈≈.~..~~y
~~~...~.k..#.#.~§~≈≈.<~≈≈~.~...~D
~....t....D#.#.~i~≈≈~.~~≈≈.♣♣..~~
.t......#..?i.†.~§≈≈≈≈≈≈~~.♣*♣.~~
...##...##..#.i.@~≈≈≈≈≈≈≈..♣♣~,~~
♣..#....##....♣~..~~≈≈~~~§..♣**~,
♣♣..##.......♣~~...~~.~§...♣♣****
♣♣.,.......~~.~~........~.♣*~,,,
♣*♣~...~♣♣§...~♣♣♣~~...~♣♣*,,~~
*♣..(♣..~~~♣♣♣ ♣♣♣~.~.~*~*~~~
♣.~..w).♣♣♣ ♣♣♣~§♣***~,,
**~~~.~♣♣* ♣♣♣♣ **** **~,,~***


You could see a five-headed hydra (unable to see you), 2 spriggan riders, a
spriggan druid and a swamp worm (unable to see you).

Vanquished Creatures
  Erolcha (D:11)
  Harold (Lair:2)
  8 hydras
  3 catoblepae (Lair:5)
  A boulder beetle (D:12)
  6 death yaks (Lair:5)
  Nergalle (Lair:2)
  Sonja (Lair:5)
  Amaemon (D:9)
  A swamp dragon (Swamp:1)
  Pikel (D:7)
  A necromancer (Lair:3)
  A deep elf pyromancer (D:12)
  A salamander (Lair:2)
  An ugly thing (D:12)
  2 cyclopes (D:11)
  Maurice (D:8)
  2 manticores (Lair:5)
  14 elephants
  An orange demon (D:9)
  3 black mambas
  A torpor snail (Lair:2)
  2 gargoyles
  12 cane toads
  2 rime drakes
  A kobold demonologist (D:10)
  6 komodo dragons
  A polar bear (Lair:5)
  A troll (D:12)
  9 blink frogs (Lair:5)
  A tyrant leech (Swamp:1)
  Grinder (D:5)
  A shadow (D:10)
  A vampire (D:12)
  46 yaks
  A wraith (D:12)
  4 wyverns
  A basilisk (D:12)
  5 steam dragons
  A warg (Lair:1)
  9 vampire mosquitoes
  4 swamp worms
  5 acid dragons
  12 water moccasins
  3 orc warriors
  6 black bears
  An ice beast (D:6)
  21 wolves
  2 ogres (D:5)
  3 centaurs
  A lemure (D:7)
  A phantom (D:5)
  3 kobold brigands
  9 bullfrogs
  2 gnoll sergeants
  A scorpion (D:5)
  15 wights
  10 killer bees
  4 howler monkeys
  4 lava snakes (Lair:2)
  4 orc priests
  2 gnoll boudas
  3 hounds (Lair:1)
  Crazy Yiuf (D:2)
  2 sleepcaps
  Jessica (D:2)
  4 iguanas
  10 orc wizards
  3 polar bear simulacra (Lair:3)
  A yak simulacrum (Lair:3)
  4 wolf simulacra (Lair:3)
  14 gnolls
  14 adders
  4 river rats (Sewer)
  A shadow imp (D:7)
  A white imp (D:6)
  2 worms
  A dart slug (D:3)
  40 orcs
  12 ball pythons
  4 endoplasms
  5 giant cockroaches
  7 goblins
  11 hobgoblins
  2 jackals (D:2)
  24 kobolds
  2 quokkas (D:3)
  3 bats
  8 frilled lizards
  14 rats
  3 river rat simulacra (Lair:3)
472 creatures vanquished.

Vanquished Creatures (others)
  A vampire mosquito (Swamp:1)
  An orc wizard (D:9)
  An orc (D:9)
3 creatures vanquished.

Grand Total: 475 creatures vanquished

Notes
Turn   | Place    | Note
-------+----------+-------------------------------------------
     0 | D:1      | AgateBread the Minotaur Hunter began the quest for the Orb.
     0 | D:1      | Reached XP level 1. HP: 18/18 MP: 0/0
    90 | D:1      | Reached skill level 1 in Armour
    99 | D:1      | Reached XP level 2. HP: 25/25 MP: 1/1
   254 | D:1      | Found Ryopp's Weapon Boutique.
   272 | D:1      | Found a faded altar of an unknown god.
   586 | D:2      | Reached XP level 3. HP: 31/31 MP: 2/2
   905 | D:2      | Noticed Jessica
   907 | D:2      | Killed Jessica
   908 | D:2      | Reached skill level 5 in Ranged Weapons
   908 | D:2      | Reached XP level 4. HP: 40/40 MP: 3/3
   939 | D:2      | Found a runed translucent door.
   940 | D:2      | Noticed Crazy Yiuf
  1377 | D:2      | Killed Crazy Yiuf
  1532 | D:3      | Found a sacrificial altar of Ru.
  1678 | D:3      | Found Iffaedgh's Vocational Training.
  1766 | D:3      | Reached XP level 5. HP: 46/46 MP: 4/4
  2287 | D:4      | Found a stormy altar of Qazlal.
  2372 | D:4      | Noticed a black bear
  2388 | D:4      | Killed a black bear
  2389 | D:4      | Reached XP level 6. HP: 19/55 MP: 5/5
  2983 | D:4      | Reached skill level 5 in Fighting
  3221 | D:4      | Found a sparkling altar of Nemelex Xobeh.
  3561 | D:5      | Entered Level 5 of the Dungeon
  3679 | D:5      | Found an ancient bone altar of Kikubaaqudgha.
  3714 | D:5      | Reached skill level 5 in Armour
  3714 | D:5      | Reached XP level 7. HP: 38/62 MP: 6/6
  4001 | D:5      | Found Lytiuwk's Antique Armour Shop.
  4109 | D:5      | Noticed a steam dragon
  4118 | D:5      | Killed a steam dragon
  4133 | D:5      | Found a staircase to the Ecumenical Temple.
  4146 | D:5      | Noticed a steam dragon
  4147 | D:5      | Found a glowing drain.
  4177 | D:5      | Reached XP level 8. HP: 24/73 MP: 7/7
  4180 | D:5      | Noticed Grinder
  4184 | Sewer    | Entered a sewer
  4806 | D:5      | Paralysed by Grinder for 2 turns
  4813 | D:5      | Killed Grinder
  5138 | D:5      | Found a broken altar of Ashenzari.
  5167 | Temple   | Entered the Ecumenical Temple
  5192 | Temple   | Became a worshipper of Warmaster Okawaru
  5553 | D:5      | Bought a pair of embroidered gloves for 187 gold pieces
  5940 | D:6      | Reached * piety under Okawaru
  5941 | D:6      | Reached XP level 9. HP: 38/82 MP: 8/8
  6266 | D:6      | Found a runed translucent gate.
  6271 | D:6      | Noticed ZoeForever1's ghost (novice DrTm)
  6273 | D:6      | Noticed a brown ugly thing
  6367 | D:6      | Found a runed translucent gate.
  6367 | D:6      | Found a runed translucent gate.
  7047 | D:7      | Reached skill level 5 in Dodging
  7719 | D:7      | Noticed Pikel
  7732 | D:7      | Killed Pikel
  7733 | D:7      | Reached skill level 10 in Fighting
  7877 | D:8      | Found a hide-covered altar of Uskayaw.
  8202 | D:8      | Reached ** piety under Okawaru
  8275 | D:8      | Reached skill level 10 in Armour
  8667 | D:8      | Noticed Maurice
  8673 | D:8      | Killed Maurice
  8674 | D:8      | Reached XP level 10. HP: 88/93 MP: 9/9
  8975 | D:5      | Bought a glowing scale mail for 175 gold pieces
  9241 | D:8      | Reached skill level 1 in Invocations
  9469 | D:8      | Reached *** piety under Okawaru
  9769 | D:9      | Found a shadowy altar of Dithmenos.
  9905 | D:9      | Found a staircase to the Lair.
 10314 | D:9      | Noticed Amaemon
 10315 | D:9      | Noticed an orange demon
 10324 | D:10     | Entered Level 10 of the Dungeon
 11148 | D:9      | Received a gift from Okawaru
 11691 | D:9      | Killed an orange demon
 11692 | D:9      | Reached skill level 5 in Invocations
 11730 | D:9      | Killed Amaemon
 11731 | D:9      | Reached skill level 10 in Ranged Weapons
 11767 | D:9      | Found a glowing silver altar of Zin.
 12370 | D:10     | Reached XP level 11. HP: 99/99 MP: 11/14
 12536 | D:10     | Found a bloodstained altar of Trog.
 13675 | D:11     | Found Tupic's CLEARANCE SALE!.
 13683 | D:11     | Bought a scroll of identify for 10 gold pieces
 13683 | D:11     | Bought a scroll of poison for 20 gold pieces
 13683 | D:11     | Bought a potion of curing for 15 gold pieces
 14099 | D:11     | Found a staircase to the Orcish Mines.
 14891 | D:11     | Noticed Erolcha
 14911 | D:11     | Killed Erolcha
 15227 | D:12     | Noticed a boulder beetle
 15244 | D:12     | Killed a boulder beetle
 15583 | D:12     | Noticed a deep elf pyromancer
 15590 | D:12     | Killed a deep elf pyromancer
 15590 | D:12     | Reached **** piety under Okawaru
 16241 | D:12     | Noticed a white ugly thing
 16260 | D:12     | Killed a white ugly thing
 16738 | Lair:1   | Entered Level 1 of the Lair of Beasts
 17262 | Lair:1   | Reached XP level 12. HP: 98/110 MP: 17/17
 17758 | Lair:2   | Noticed a seven-headed hydra
 17924 | Lair:2   | Killed a seven-headed hydra
 18196 | Lair:2   | Noticed a four-headed hydra
 18202 | Lair:2   | Killed a four-headed hydra
 18202 | Lair:2   | Reached ***** piety under Okawaru
 18217 | Lair:2   | Noticed a four-headed hydra
 18229 | Lair:2   | Killed a four-headed hydra
 18283 | Lair:2   | Found a staircase to the Snake Pit.
 18734 | Lair:2   | Noticed Nergalle
 19435 | Lair:3   | Reached skill level 5 in Maces & Flails
 19673 | Lair:3   | Noticed an eight-headed hydra
 19683 | Lair:3   | Killed an eight-headed hydra
 19711 | Lair:3   | Identified the +0 robe "Mymerphe" {rC+ Will+ rCorr Dex-5}
                  | (Okawaru gifted it to you on level 3 of the Lair of Beasts)
 19711 | Lair:3   | Received a gift from Okawaru
 20842 | Lair:3   | Found a staircase to the Swamp.
 20925 | Lair:4   | Found a bloodstained altar of Trog.
 20925 | Lair:4   | Noticed Ruwaz's ghost (journeyman SpRe)
 20944 | Lair:4   | Found a transporter.
 21167 | Lair:4   | Found a transporter.
 21205 | Lair:4   | Reached skill level 10 in Maces & Flails
 21385 | Lair:4   | Reached XP level 13. HP: 89/118 MP: 18/18
 21767 | Lair:5   | Entered Level 5 of the Lair of Beasts
 23151 | Lair:5   | Found a staircase to the Slime Pits.
 23151 | Lair:5   | Found a viscous altar of Jiyva.
 25023 | Lair:5   | Noticed Sonja
 25042 | Lair:5   | Killed Sonja
 25561 | Lair:5   | Reached XP level 14. HP: 114/127 MP: 19/19
 25793 | Lair:5   | Received a gift from Okawaru
 26523 | Lair:2   | Identified a scroll of acquirement
 26523 | Lair:2   | Acquired the ring "Xasu" {Drain +Blink rPois rCorr Stlth+}
 26937 | Lair:2   | Killed Nergalle
 27018 | Lair:2   | Noticed Harold
 27029 | Lair:2   | Killed Harold
 27575 | Orc:1    | Entered Level 1 of the Orcish Mines
 27579 | Orc:1    | Noticed Urug
 28058 | Swamp:1  | Entered Level 1 of the Swamp
 28150 | Swamp:1  | Killed from afar by a swamp worm

Illustrated notes

Levels and vault maps discovered:
D:1:      dpeg_arrival_ternary, layout_basic, serial_shops,
          nicolae_shop_bloodbath_and_beyond, nicolae_ecumenical_lake_church,
          skrybe_limestone_x, kennysheep_minor_cross, glass_columns_a
D:2:      layout_loops_corners, minmay_misc_feat_secret_circle, uniq_jessica,
          uniq_crazy_yiuf_cottage
D:3:      corexii_shack_village, layout_rooms, lemuel_doored_altar,
          nicolae_shop_vocational
D:4:      layout_loops_corners, nemelex_diamond_rough_becter,
          nicolae_qazlal_general_emergency, kennysheep_generic_room_15
D:5:      kennysheep_steamy, layout_gridville, kiku_gazebo_garden_becter,
          kennysheep_mini_moat, minmay_temple_entry_arrows, serial_shops,
          nicolae_stop_n_shop_1, gup_sewer_entry_glass, st_stairs_4,
          uniq_grinder
D:6:      layout_cave_pools, gammafunk_ghost_split, nicolae_eternal_life
D:7:      layout_basic, uniq_pikel
D:8:      layout_basic, nicolae_uskayaw_murder_on_the_dancefloor,
          minmay_fountain_box, uniq_maurice
D:9:      layout_cave_pods, mainiacjoe_overflow_brackets, marbit_many_paths,
          lair_entry_dummy, chequers_serial_rivers_micro_a, uniq_amaemon
D:10:     layout_stronghold, mainiacjoe_overflow_surrounded_room,
          ebering_dispersal_statue_hall, grunt_ministairs_13,
          minmay_fractal_squares_5
D:11:     hellmonk_destroyed_diamonds, layout_stronghold, orc_0_dummy,
          nicolae_shop_clearance, uniq_erolcha
D:12:     layout_basic, serial_park_tiny_2
Temple:   nicolae_temple_ecumenical_triangle
Lair:1:   beast_lair_carwin_large_3, layout_concentric_octagons, minivault_26,
          lemuel_fruit_tree
Lair:2:   layout_cave_pods, nicolae_snake_entry_warm_welcome, uniq_nergalle,
          uniq_harold
Lair:3:   layout_long_grid, palyth_hydra_swamp_entry, serial_bayou_lagoon_a,
          eino_house_with_fridge
Lair:4:   layout_misc_corridors, gammafunk_ghost_wrathful_warriors
Lair:5:   evilmike_catoblepas_cave, layout_layer_cave, slime_entry_1,
          serial_bayou_shore_b, grunt_megastairs_3, uniq_sonja
Swamp:1:  layout_basic_swamp, evilmike_swamp_ruin_rubble_2,
          infiniplex_staircase_pool_2
Orc:1:    layout_diamond_mine, basic_altar, uniq_urug

Skill      XL: |  1  2  3  4  5  6  7  8  9 10 11 12 13 14 |
---------------+-------------------------------------------+-----
Armour         | 1 2 3 5 6 8 10 13 14 | 14.4
Fighting       | 3 4 5 7 8 10 11 12 13 | 13.5
Ranged Weapons | 5 6 7 10 12 14 | 14.0
Dodging        | 4 7 8 |  8.5
Invocations    | 5 8 |  8.3
Maces & Flails | 10 12 | 12.0
Stealth        | |  0.7

Action                     |  1- 3 |  4- 6 |  7- 9 | 10-12 | 13-15 || total
---------------------------+-------+-------+-------+-------+-------++-------
  Melee: Dagger            |       |    68 |   125 |    14 |       ||   207
         Headbutt          |       |    14 |    29 |    92 |   159 ||   294
         Punch             |       |     1 |     2 |     4 |       ||     7
         Battleaxe         |       |       |       |    30 |     3 ||    33
         Demon whip        |       |       |       |   310 |   442 ||   752
   Fire: Shortbow          |    72 |   133 |   227 |   510 |     5 ||   947
  Throw: Dart              |       |     5 |     4 |     1 |       ||    10
         Javelin           |       |       |       |     3 |     2 ||     5
 Invoke: Heroism           |       |       |     3 |    18 |    10 ||    31
         Finesse           |       |       |       |     1 |     3 ||     4
  Evoke: Wand              |       |       |    24 |    22 |     5 ||    51
    Use: Scroll            |       |     4 |     7 |    18 |    10 ||    39
         Potion            |       |     2 |     2 |     6 |     7 ||    17
   Stab: Paralysed         |       |       |       |     1 |       ||     1
         Invisible         |       |       |       |       |     4 ||     4
 Armour: Leather armour    |     5 |    39 |    58 |    61 |    71 ||   234
         Ring mail         |       |       |    19 |     7 |       ||    26
         Scale mail        |       |       |       |   134 |    34 ||   168
  Dodge: Dodged            |     9 |    70 |   176 |   543 |   338 ||  1136
